[Event "Titled Tuesday Blitz February 21 Early 2023"]
[White "Ljukin, Sergei"]
[Black "Bongo Akanga Ndjila, Barthelemy"]
[WhiteFideId "14102200"]
[BlackFideId "10609431"]
[WhiteElo "2362"]
[BlackElo "1824"]
[Result "0-1"]
[Round "01"]
[TimeControl "180+2"]
[Date "2023.02.21"]
[WhiteClock "0:00:01"]
[BlackClock "0:00:50"]

1. e4 e5 2. Nf3 Nc6 3. Bb5 a6 4. Ba4 Nf6 5. Qe2 b5 6. Bb3 Be7 7. c3 O-O 8. O-O d6 9. d4 Bb7 10. Rd1 exd4 11. cxd4 Nb8 12. e5 Nd5 13. Qe4 dxe5 14. dxe5 c6 15. Nc3 Nd7 16. Nxd5 cxd5 17. Bxd5 Nc5 18. Qd4 Bxd5 19. Qxd5 Qc8 20. Qd2 Rd8 21. Qe2 Rxd1+ 22. Qxd1 Qc7 23. Be3 Rd8 24. Qc2 Rd5 25. Rc1 Qd8 26. h3 Nd3 27. Rd1 Nb4 28. Rxd5 Qxd5 29. Qc8+ Bf8 30. a3 Nd3 31. Qxa6 Nxe5 32. Nxe5 Qxe5 33. b4 Qa1+ 34. Kh2 Bxb4 35. Qc8+ Bf8 36. g3 Qxa3 37. Bd4 Qd6 38. Be3 b4 39. Qb7 h6 40. Bf4 Qc5 41. Be3 Qc4 42. Qb8 b3 43. Bf4 Qd5 44. Be3 h5 0-1


[Site "https://www.chess.com"]

[Event "Titled Tuesday Blitz February 21 Early 2023"]
[White "Suduvasachmatai"]
[Black "Prestia, Paris"]
[BlackFideId "30925959"]
[WhiteElo "2100"]
[BlackElo "2059"]
[Result "1/2-1/2"]
[Round "01"]
[TimeControl "180+2"]
[Date "2023.02.21"]
[WhiteClock "0:01:06"]
[BlackClock "0:00:06"]

1. e4 c5 2. c3 Nf6 3. e5 Nd5 4. d4 cxd4 5. cxd4 e6 6. Nc3 Nxc3 7. bxc3 b6 8. Nf3 Bb7 9. Be2 d6 10. O-O Nd7 11. Bf4 Qc7 12. Rc1 dxe5 13. Nxe5 Nxe5 14. Bxe5 Bd6 15. Bb5+ Kf8 16. Bxd6+ Qxd6 17. c4 Rd8 18. c5 Qd5 19. f3 g5 20. Bc4 Qxd4+ 21. Qxd4 Rxd4 22. Bb3 Kg7 23. c6 Ba6 24. Rfd1 Rxd1+ 25. Rxd1 Rc8 26. Rd7 Rxc6 27. Rxa7 Bc4 28. Ba4 b5 29. Bd1 Rd6 30. Bc2 Rd2 31. Be4 Rxa2 32. Rc7 Rd2 33. h3 h6 34. Bc6 Rd8 35. Rb7 Rd1+ 36. Kh2 Rb1 37. Be8 e5 38. Kg3 h5 39. h4 gxh4+ 40. Kxh4 Rh1+ 41. Kg5 Rh2 42. g3 Rh3 43. g4 hxg4 44. fxg4 Rb3 45. Kf5 Be6+ 46. Kxe5 Bxg4 47. Bxf7 Rg3 48. Kf4 Rg1 49. Be6+ Kf6 50. Bxg4 Rb1 51. Bf3 Rb4+ 52. Ke3 Ke5 53. Re7+ Kd6 54. Re4 Rxe4+ 55. Bxe4 1/2-1/2


[Site "https://www.chess.com"]

[Event "Titled Tuesday Blitz February 21 Early 2023"]
[White "Ilkhomi, Jaloliddin"]
[Black "Delorme, Alban"]
[WhiteFideId "14700948"]
[BlackFideId "623636"]
[WhiteElo "1997"]
[BlackElo "2298"]
[Result "1-0"]
[Round "01"]
[TimeControl "180+2"]
[Date "2023.02.21"]
[WhiteClock "0:01:06"]
[BlackClock "0:00:12"]

1. Nf3 Nf6 2. d4 g6 3. c3 Bg7 4. Bg5 O-O 5. Nbd2 d6 6. e4 c5 7. dxc5 dxc5 8. Bc4 Nc6 9. O-O Qc7 10. Qe2 Bg4 11. h3 Bxf3 12. Nxf3 Ne5 13. Bf4 Nfd7 14. Rad1 Qb6 15. Nxe5 Nxe5 16. Bxe5 Bxe5 17. f4 Bg7 18. e5 Rad8 19. e6 f5 20. Rd7 Bf6 21. Rfd1 Rxd7 22. exd7+ Kg7 23. Qe6 Qxe6 24. Bxe6 Rd8 25. Kf2 Kf8 26. Kf3 Bh8 27. g4 fxg4+ 28. hxg4 Kg7 29. g5 Kf8 30. Ke4 Bg7 31. Kd5 h6 32. Kxc5 hxg5 33. fxg5 Be5 34. Rf1+ Kg7 35. Rf7+ Kh8 36. Rxe7 Bf4 37. Re8+ 1-0


[Site "https://www.chess.com"]

[Event "Titled Tuesday Blitz February 21 Early 2023"]
[White "Larina, Maria"]
[Black "Kubicka, Anna"]
[WhiteFideId "24113182"]
[BlackFideId "1152254"]
[WhiteElo "1948"]
[BlackElo "2240"]
[Result "0-1"]
[Round "01"]
[TimeControl "180+2"]
[Date "2023.02.21"]
[WhiteClock "0:00:49"]
[BlackClock "0:01:37"]

1. e4 c5 2. Nc3 g6 3. g3 Bg7 4. Bg2 Nc6 5. d3 d6 6. f4 e5 7. Nf3 Nge7 8. O-O O-O 9. Nd5 Nxd5 10. exd5 Ne7 11. c4 exf4 12. gxf4 Bg4 13. Qe1 Bxf3 14. Bxf3 Nf5 15. Kh1 Re8 16. Qf2 Nd4 17. Bg4 f5 18. Bh3 Qe7 19. Bg2 Qe2 20. Qg3 Nc2 21. Rb1 Ne3 22. Re1 Nxg2 23. Qxg2 Qxe1+ 24. Qg1 Qxg1+ 25. Kxg1 Re1+ 26. Kf2 Rae8 0-1


[Site "https://www.chess.com"]

[Event "Titled Tuesday Blitz February 21 Early 2023"]
[White "Lehtosaari, Mauri"]
[Black "Michalski, Olaf"]
[WhiteFideId "501999"]
[BlackFideId "1106740"]
[WhiteElo "2176"]
[BlackElo "2273"]
[Result "1/2-1/2"]
[Round "01"]
[TimeControl "180+2"]
[Date "2023.02.21"]
[WhiteClock "0:00:09"]
[BlackClock "0:00:01"]

1. d4 d6 2. Nf3 g6 3. c3 Bg7 4. Bg5 h6 5. Bh4 Nd7 6. e3 c6 7. Bc4 Ngf6 8. Nbd2 e5 9. dxe5 dxe5 10. Qc2 Qc7 11. a4 Nc5 12. e4 Be6 13. Bxe6 Nxe6 14. Bg3 Nh5 15. Nc4 Nhf4 16. O-O O-O 17. a5 b5 18. Ne3 Rfd8 19. b4 a6 20. Rad1 f6 21. Qb3 Qf7 22. Bxf4 Nxf4 23. Qxf7+ Kxf7 24. Rc1 Rd3 25. Rc2 Rad8 26. Re1 Ke6 27. g3 Nh5 28. Kf1 f5 29. exf5+ gxf5 30. Nh4 f4 31. gxf4 Nxf4 32. Nhg2 Nd5 33. Nxd5 Kxd5 34. Ne3+ Ke6 35. c4 Bf6 36. cxb5 cxb5 37. Rc6+ R8d6 38. Rec1 Rb3 39. Rxd6+ Kxd6 40. Nf5+ Ke6 41. Ne3 Rxb4 42. Rc6+ Kf7 43. Rxa6 Rb1+ 44. Ke2 Ra1 45. Ra7+ Kg6 46. Ra6 Kg5 47. h3 e4 48. Ra7 Ra2+ 49. Kf1 Bd4 50. Nd1 Bxa7 51. Ke1 Rxa5 52. Ke2 Ra1 53. Nc3 Ra3 54. Nxe4+ Kf4 55. Nd6 Ra2+ 56. Kd3 Rxf2 57. Nxb5 Bb6 58. Nd6 Rf3+ 59. Ke2 Rxh3 60. Nc4 Rh2+ 61. Kf1 Ba7 62. Na3 Ke4 63. Nb5 Bc5 64. Nc7 Ke5 65. Nb5 Kd5 66. Nc3+ Kc4 67. Ne4 Kd4 68. Ng3 Ra2 69. Nf5+ Ke5 70. Nxh6 Kf4 71. Nf7 Kf3 72. Ke1 Bb4+ 73. Kd1 Rd2+ 74. Kc1 Rd5 75. Kc2 Kf4 76. Kb3 Kf5 77. Kc4 Rc5+ 78. Kxb4 Rc7 79. Nd6+ Ke6 80. Nc4 Rb7+ 81. Kc5 Rc7+ 82. Kd4 Kf5 83. Kd5 Rxc4 84. Kxc4 1/2-1/2


[Site "https://www.chess.com"]

[Event "Titled Tuesday Blitz February 21 Early 2023"]
[White "Levine, David"]
[Black "Baghdasaryan, Vahe"]
[WhiteFideId "2011611"]
[BlackFideId "13303139"]
[WhiteElo "2040"]
[BlackElo "2257"]
[Result "0-1"]
[Round "01"]
[TimeControl "180+2"]
[Date "2023.02.21"]
[WhiteClock "0:00:04"]
[BlackClock "0:00:40"]

1. d4 d5 2. c4 c6 3. Nf3 Nf6 4. Nc3 e6 5. g3 dxc4 6. Bg2 b5 7. O-O a6 8. b3 cxb3 9. axb3 Bb4 10. Qc2 O-O 11. Bg5 h6 12. Bxf6 Qxf6 13. Ne4 Qe7 14. Rfc1 a5 15. e3 Bb7 16. Ne5 c5 17. dxc5 Rc8 18. Nd3 Na6 19. Nxb4 Nxb4 20. Qe2 Bxe4 21. Bxe4 Rab8 22. Rxa5 Rxc5 23. Rca1 f5 24. Bg2 Rbc8 25. h4 Qf6 26. Kh2 Rc2 27. Qf3 Nd3 28. Ra8 Rxa8 29. Rxa8+ Kh7 30. Qh5 Rxf2 31. Qe8 Rxg2+ 32. Kxg2 Qb2+ 33. Kh1 Qc1+ 0-1


[Site "https://www.chess.com"]

[Event "Titled Tuesday Blitz February 21 Early 2023"]
[White "Petrovic, Aleksa"]
[Black "kiwibobo"]
[WhiteFideId "967629"]
[WhiteElo "2332"]
[BlackElo "2140"]
[Result "1-0"]
[Round "01"]
[TimeControl "180+2"]
[Date "2023.02.21"]
[WhiteClock "0:02:01"]
[BlackClock "0:02:19"]

1. d4 Nf6 2. c4 g6 3. f3 d5 4. cxd5 Nxd5 5. e4 Nb6 6. Nc3 Bg7 7. Be3 O-O 8. Qd2 Nc6 9. O-O-O e5 10. d5 Na5 11. b3 c6 12. h4 h5 13. g4 cxd5 14. exd5 hxg4 15. h5 f5 16. hxg6 f4 17. Qh2 Rf5 18. Bc5 1-0


[Site "https://www.chess.com"]

[Event "Titled Tuesday Blitz February 21 Early 2023"]
[White "Seifert, Henryk"]
[Black "Urbina Perez, Juan Antonio"]
[WhiteFideId "1100963"]
[BlackFideId "2217368"]
[WhiteElo "2106"]
[BlackElo "2266"]
[Result "0-1"]
[Round "01"]
[TimeControl "180+2"]
[Date "2023.02.21"]
[WhiteClock "0:00:16"]
[BlackClock "0:01:51"]

1. e4 e6 2. d4 d5 3. Nd2 c5 4. exd5 Qxd5 5. Ngf3 cxd4 6. Bc4 Qd7 7. O-O Nc6 8. Nb3 a6 9. Nbxd4 Nf6 10. Re1 Nxd4 11. Qxd4 Qxd4 12. Nxd4 Bd7 13. Bf4 Bc5 14. Nb3 Bb6 15. a4 O-O-O 16. a5 Bc7 17. Bxc7 Kxc7 18. f3 Bc6 19. Rad1 Rxd1 20. Rxd1 Rd8 21. Rxd8 Kxd8 22. Nd4 Kc7 23. b4 Nd7 24. Kf2 Ne5 25. Bb3 Nd7 26. Ke3 Kd6 27. c4 g6 28. b5 axb5 29. cxb5 Bd5 30. a6 bxa6 31. bxa6 Ba8 32. Bd1 Nc5 33. Be2 e5 34. Nb5+ Kc6 35. Nc3 f5 36. g3 Kb6 37. Nd5+ Bxd5 0-1


[Site "https://www.chess.com"]

[Event "Titled Tuesday Blitz February 21 Early 2023"]
[White "Berezin, Viktor"]
[Black "Calcada, Lucas Galvan"]
[WhiteFideId "14107872"]
[BlackFideId "22746099"]
[WhiteElo "2307"]
[BlackElo "1739"]
[Result "1-0"]
[Round "01"]
[TimeControl "180+2"]
[Date "2023.02.21"]
[WhiteClock "0:01:30"]
[BlackClock "0:00:09"]

1. d4 Nf6 2. c4 g6 3. Nf3 d6 4. g3 Bg7 5. Bg2 O-O 6. O-O c6 7. Nc3 Nbd7 8. e4 e5 9. h3 Qc7 10. Re1 Re8 11. dxe5 dxe5 12. Be3 Bf8 13. Qc2 a5 14. Rad1 Nc5 15. Bg5 Bg7 16. Qc1 Ne6 17. Bh6 Bh8 18. Qe3 a4 19. Rc1 Bd7 20. Red1 Qa5 21. Rd6 Rad8 22. Rcd1 Bc8 23. Rxd8 Rxd8 24. Rxd8+ Nxd8 25. Qd3 Ne6 26. Qd6 Ne8 27. Qb8 Qc7 28. Qxc7 N8xc7 29. Nxa4 Nd4 30. Nb6 Be6 31. Be3 Nc2 32. Bd2 Nd4 33. Ng5 h6 34. Nxe6 Ncxe6 35. Kf1 Bg7 36. b4 Bf8 37. Bc3 c5 38. b5 Kg7 39. a4 Nb3 40. a5 f6 41. Nd5 Nc7 42. Nxc7 1-0


[Site "https://www.chess.com"]

[Event "Titled Tuesday Blitz February 21 Early 2023"]
[White "Gurevich, Ilya"]
[Black "Di Nicolantonio, Lucas"]
[WhiteFideId "2000628"]
[BlackFideId "680460"]
[WhiteElo "2586"]
[BlackElo "2376"]
[Result "0-1"]
[Round "01"]
[TimeControl "180+2"]
[Date "2023.02.21"]
[WhiteClock "0:01:07"]
[BlackClock "0:01:17"]

1. d4 Nf6 2. c4 e6 3. Nf3 d5 4. Nc3 c6 5. Bg5 h6 6. Bh4 dxc4 7. a4 Bb4 8. e3 b5 9. Be2 Bb7 10. O-O Bxc3 11. bxc3 Nbd7 12. Qc2 a6 13. Ne5 c5 14. axb5 axb5 15. Nxd7 Qxd7 16. Rxa8+ Bxa8 17. Ra1 O-O 18. Bxf6 gxf6 19. dxc5 f5 20. h3 Rd8 21. Ra5 Be4 22. Qb2 Bc6 23. Bf3 Bxf3 24. gxf3 Qd1+ 25. Kg2 Kh7 26. Qxb5 Rg8+ 0-1


[Site "https://www.chess.com"]

[Event "Titled Tuesday Blitz February 21 Early 2023"]
[White "Potapova, Margarita"]
[Black "Jaivardhan Raj"]
[WhiteFideId "14126869"]
[BlackFideId "25744437"]
[WhiteElo "2104"]
[BlackElo "1901"]
[Result "1-0"]
[Round "01"]
[TimeControl "180+2"]
[Date "2023.02.21"]
[WhiteClock "0:00:48"]
[BlackClock "0:00:09"]

1. d4 Nf6 2. c4 e6 3. Nc3 b6 4. e4 Bb4 5. Qc2 Bb7 6. Bd3 d6 7. Ne2 Nbd7 8. O-O O-O 9. a3 Bxc3 10. Nxc3 Rc8 11. b4 c5 12. dxc5 bxc5 13. b5 Ne5 14. Be2 a6 15. a4 Ng6 16. a5 Qc7 17. Rd1 Rfd8 18. Bg5 Qe7 19. Rab1 h6 20. Be3 Ne5 21. h3 g5 22. f4 gxf4 23. Bxf4 Kg7 24. Rf1 Ng6 25. Bg3 d5 26. e5 Nh7 27. Bg4 d4 28. Na4 d3 29. Qf2 Rf8 30. Nb6 Rcd8 31. Rbd1 Ng5 32. Qe3 Ne4 33. Rxd3 Rxd3 34. Qxd3 Rd8 35. Qe3 axb5 36. cxb5 Nd2 37. Re1 Ne4 38. a6 Nxg3 39. Qxg3 Ba8 40. Nxa8 Rxa8 41. Bf3 Rb8 42. Bc6 Qa7 43. Qf2 Qb6 44. Rf1 Qa7 45. Kh1 Nxe5 46. Qf6+ Kf8 47. Qxe5 Rb6 48. Qxc5+ Kg8 49. Qf2 Kg7 50. Qg3+ Kf8 51. Qf4 Ke7 52. Qxh6 Kd6 53. Qd2+ Kc5 54. Rc1# 1-0


[Site "https://www.chess.com"]

[Event "Titled Tuesday Blitz February 21 Early 2023"]
[White "Jesusesmifuerza"]
[Black "Cruz Lledo, Pablo"]
[BlackFideId "2297361"]
[WhiteElo "2002"]
[BlackElo "2373"]
[Result "0-1"]
[Round "01"]
[TimeControl "180+2"]
[Date "2023.02.21"]
[WhiteClock "0:00:18"]
[BlackClock "0:00:33"]

1. d4 g6 2. Nc3 Bg7 3. e4 d6 4. Nf3 Nf6 5. Be2 O-O 6. O-O Nbd7 7. h3 e5 8. Be3 Re8 9. Qd2 exd4 10. Bxd4 Nxe4 11. Nxe4 Rxe4 12. Bxg7 Kxg7 13. Bd3 Re8 14. Rfe1 Ne5 15. Qc3 f6 16. Be2 Be6 17. Nd4 Bd5 18. f4 Nc6 19. Bc4 Bxc4 20. Qxc4 Nxd4 21. Qxd4 Qd7 22. Rad1 Qc6 23. c3 Qb6 24. Qxb6 axb6 25. a3 Kf7 26. Kf2 Ra4 27. g3 Rae4 28. Rxe4 Rxe4 29. Kf3 f5 30. Rd5 Re1 31. Rd2 Rh1 32. h4 Re1 33. Kf2 Rb1 34. Kf3 Ke6 35. Re2+ Kd7 36. Kf2 d5 37. Kf3 Kd6 38. Kf2 c5 39. Kf3 d4 40. cxd4 cxd4 41. Rc2 h5 42. Ke2 Kd5 43. Kd3 Rg1 44. Re2 Rxg3+ 45. Kd2 Rf3 46. Re5+ Kd6 47. Re8 Rxf4 48. Rg8 Rg4 49. Rg7 Kc5 50. b3 Rg2+ 51. Kd3 Rg3+ 52. Kc2 Kd5 53. Rxb7 Rg2+ 54. Kc1 f4 55. Kd1 f3 56. Ke1 d3 57. Rd7+ Ke4 58. Re7+ Kd4 59. Rf7 d2+ 60. Kd1 f2 61. Rd7+ Kc3 62. Ke2 f1=Q+ 63. Kxf1 Rh2 64. Rd6 Rxh4 65. Rc6+ Kxb3 66. Rxb6+ Kc2 67. Rc6+ Kd1 68. Rxg6 Rf4+ 69. Kg2 Rg4+ 70. Kf2 Rxg6 0-1


[Site "https://www.chess.com"]

[Event "Titled Tuesday Blitz February 21 Early 2023"]
[White "Turzo, Attila"]
[Black "Better_Chess_Faster"]
[WhiteFideId "704954"]
[WhiteElo "2279"]
[BlackElo "1968"]
[Result "1-0"]
[Round "01"]
[TimeControl "180+2"]
[Date "2023.02.21"]
[WhiteClock "0:00:21"]
[BlackClock "0:00:12"]

1. d4 f5 2. g3 Nf6 3. Bg2 d5 4. Nf3 e6 5. O-O Bd6 6. c4 O-O 7. Nc3 c6 8. Bg5 Nbd7 9. Rc1 h6 10. Bf4 Bxf4 11. gxf4 Ne4 12. c5 g5 13. fxg5 hxg5 14. Ne1 Qf6 15. Nxe4 fxe4 16. f3 e3 17. Qd3 e5 18. dxe5 Qxe5 19. b4 Nf6 20. Nc2 Bf5 21. Qxe3 Rae8 22. Qxg5+ Kf7 23. e4 Bh7 24. Qxe5 Rxe5 25. f4 Rxe4 26. Bxe4 Bxe4 27. Kf2 Rh8 28. Ke1 Rxh2 29. Rf2 Rh1+ 30. Kd2 Rh4 31. Nd4 Bh1 32. Re2 Ne4+ 33. Kc2 Ng3 34. Re3 Rh2+ 35. Kb3 Ne4 36. Rc2 Rh4 37. f5 Nf6 38. Ne6 Be4 39. Rd2 Bxf5 40. Nd4 Ne4 41. Rd1 Bg6 42. Rf1+ Kg7 43. Rg1 Kh7 44. Ree1 Rh3+ 45. Kb2 Rh2+ 46. Ka1 Nc3 47. Rh1 Rxh1 48. Rxh1+ Kg7 49. Kb2 Ne4 50. Rg1 Kf6 51. a3 Bf7 52. Rf1+ Ke7 53. Nf3 Be6 54. Ne5 Bd7 55. Rf7+ Ke8 56. Rxd7 b6 57. Rxa7 bxc5 58. Nxc6 c4 59. Re7+ Kf8 60. Rxe4 dxe4 61. Kc3 e3 62. Nd4 Ke7 63. Ne2 Kd6 64. Kxc4 Ke5 65. b5 Kd6 66. a4 Kc7 67. a5 Kb7 68. Kd3 Kc7 69. Kxe3 Kd6 70. Kd4 Kc7 71. Kc4 Kb7 72. Kc5 Ka7 73. b6+ Kb7 74. Kb5 Kb8 75. Nd4 Kc8 76. a6 1-0


[Site "https://www.chess.com"]

[Event "Titled Tuesday Blitz February 21 Early 2023"]
[White "Dias, Joao Batista"]
[Black "Ehlvest, Jaan"]
[WhiteFideId "2108240"]
[BlackFideId "4500016"]
[WhiteElo "1796"]
[BlackElo "2530"]
[Result "0-1"]
[Round "01"]
[TimeControl "180+2"]
[Date "2023.02.21"]
[WhiteClock "0:00:15"]
[BlackClock "0:00:49"]

1. e4 c5 2. Nf3 e6 3. d4 cxd4 4. Nxd4 Nf6 5. Nc3 d6 6. Be3 a6 7. Qd2 b5 8. f3 Nbd7 9. O-O-O Bb7 10. Kb1 Rc8 11. g4 Nb6 12. h4 Nfd7 13. h5 h6 14. g5 hxg5 15. Bxg5 Qc7 16. Be2 b4 17. Ncb5 axb5 18. Nxb5 Qb8 19. Qxb4 d5 20. Qd4 Bc6 21. h6 e5 22. hxg7 Bxg7 23. Rxh8+ Bxh8 24. Qb4 f6 25. Nd6+ Kd8 26. Nf7+ Kc7 27. exd5 Nxd5 28. Qd6+ Kb7 29. Rxd5 fxg5 30. Rd3 Nb6 31. Qb4 Rf8 32. Nd6+ Kc7 33. Rc3 e4 34. Nxe4 Bxc3 35. Nxc3 Qd8 36. Nb5+ Bxb5 37. Qxb5 Qd5 38. Qa6 g4 39. b3 gxf3 40. Qa7+ Qb7 41. Qxb7+ Kxb7 0-1


[Site "https://www.chess.com"]

[Event "Titled Tuesday Blitz February 21 Early 2023"]
[White "Kokoszczynski, Jan"]
[Black "Desideri, Ricardo Maruchi"]
[WhiteFideId "1174460"]
[BlackFideId "2110440"]
[WhiteElo "2247"]
[BlackElo "1959"]
[Result "1-0"]
[Round "01"]
[TimeControl "180+2"]
[Date "2023.02.21"]
[WhiteClock "0:00:50"]
[BlackClock "0:00:01"]

1. e4 c5 2. Nf3 d6 3. d4 cxd4 4. Nxd4 Nf6 5. Nc3 a6 6. g3 e6 7. Bg2 Be7 8. O-O O-O 9. Be3 Nbd7 10. a4 Rb8 11. g4 Ne5 12. h3 b6 13. Qe2 Qc7 14. Rad1 Bb7 15. f4 Nc4 16. Bc1 d5 17. e5 Nd7 18. b3 Na5 19. Bb2 Nc6 20. Nxc6 Bxc6 21. Qxa6 Bc5+ 22. Kh1 d4 23. Ne4 b5 24. Qxc6 Qxc6 25. Nf6+ Nxf6 26. Bxc6 Nd5 27. Bxd5 exd5 28. Bxd4 Be7 29. a5 Ra8 30. Ra1 Ra6 31. c3 Rfa8 32. b4 g6 33. f5 Bf8 34. Kg2 Bg7 35. h4 h6 36. Rf3 Kh7 37. Raf1 g5 38. hxg5 hxg5 39. Rh1+ Rh6 40. Rxh6+ 1-0


[Site "https://www.chess.com"]

[Event "Titled Tuesday Blitz February 21 Early 2023"]
[White "Wickramasinghe, Minethma Lasandi"]
[Black "Balla, Tamas-Kristof"]
[WhiteFideId "9966170"]
[BlackFideId "1208497"]
[WhiteElo "1483"]
[BlackElo "2303"]
[Result "0-1"]
[Round "01"]
[TimeControl "180+2"]
[Date "2023.02.21"]
[WhiteClock "0:00:02"]
[BlackClock "0:00:21"]

1. e4 c5 2. c3 Nf6 3. e5 Nd5 4. d4 cxd4 5. cxd4 Nc6 6. Nf3 d6 7. Bc4 dxe5 8. dxe5 Be6 9. O-O g6 10. Qb3 Qd7 11. Bd2 Bg7 12. a4 O-O 13. Re1 Rfd8 14. Na3 Rac8 15. Rac1 Bg4 16. Bxd5 Qxd5 17. Qxd5 Rxd5 18. Bc3 Bxf3 19. gxf3 Nxe5 20. Bxe5 Rxc1 21. Rxc1 Bxe5 22. Rc8+ Kg7 23. Nc4 Bd4 24. Kf1 b5 25. axb5 Rxb5 26. Ke2 Bxb2 27. Rc7 Be5 28. Rxe7 Bxh2 29. Rxa7 Bf4 30. Ra4 h5 31. Ra6 h4 32. Kf1 h3 33. Ne3 h2 34. Kg2 Rb1 35. Nf1 Rxf1 36. Kxf1 h1=Q+ 37. Ke2 Qb1 0-1


[Site "https://www.chess.com"]

[Event "Titled Tuesday Blitz February 21 Early 2023"]
[White "Parpiev, Isaak"]
[Black "Castillo Pena, Patricia Evarista"]
[WhiteFideId "34281576"]
[BlackFideId "6412106"]
[WhiteElo "2167"]
[BlackElo "1783"]
[Result "1-0"]
[Round "01"]
[TimeControl "180+2"]
[Date "2023.02.21"]
[WhiteClock "0:01:12"]
[BlackClock "0:00:11"]

1. e4 c5 2. Nf3 d6 3. d4 cxd4 4. Nxd4 Nf6 5. Nc3 a6 6. f4 e5 7. Nb3 Be7 8. fxe5 dxe5 9. Qxd8+ Bxd8 10. Be3 O-O 11. O-O-O Bg4 12. Rd2 Nc6 13. h3 Bh5 14. g4 Bg6 15. Bg2 Rc8 16. Re1 Be7 17. g5 Nh5 18. Nd5 Rfe8 19. Bf3 Bf8 20. Bg4 Rcd8 21. Bb6 Rd6 22. Bc7 Ng3 23. Bxd6 Bxd6 24. Bf3 Bf8 25. h4 h6 26. gxh6 Nb4 27. Nxb4 Bxb4 28. c3 Be7 29. Rg2 Bxh4 30. Reg1 Nh5 31. Bxh5 Bxh5 32. Rxg7+ Kf8 33. Rg8+ Ke7 34. Rxe8+ Kxe8 35. h7 Bf6 36. Rg8+ Ke7 37. h8=Q Bxh8 38. Rxh8 Bf3 39. Nd2 Be2 40. Kc2 b5 41. Ra8 Ke6 42. Rxa6+ Ke7 43. Rb6 1-0


[Site "https://www.chess.com"]

[Event "Titled Tuesday Blitz February 21 Early 2023"]
[White "tandercat"]
[Black "Shapiro, Viktor"]
[BlackFideId "4175700"]
[WhiteElo "1859"]
[BlackElo "2192"]
[Result "0-1"]
[Round "01"]
[TimeControl "180+2"]
[Date "2023.02.21"]
[WhiteClock "0:00:02"]
[BlackClock "0:01:39"]

1. d4 Nf6 2. c4 c5 3. d5 e6 4. Nc3 exd5 5. cxd5 d6 6. e4 g6 7. Bb5+ Nfd7 8. Bd3 Bg7 9. f4 O-O 10. Nf3 Re8 11. O-O a6 12. a4 c4 13. Bc2 Nc5 14. Re1 Bg4 15. h3 Bxf3 16. Qxf3 Nbd7 17. a5 b5 18. axb6 Qxb6 19. Kh1 Nb3 20. Bxb3 Qxb3 21. Ra3 Qc2 22. Qe2 Qxe2 23. Rxe2 Nc5 24. Kh2 Rab8 25. Kg3 Nd3 26. Rc2 Rb6 27. Ra4 Rc8 28. Kh2 Nxc1 29. Rxc1 Rxb2 30. Rxa6 Rb3 0-1


[Site "https://www.chess.com"]

[Event "Titled Tuesday Blitz February 21 Early 2023"]
[White "Aydincelebi, Kagan"]
[Black "Nakamura, Hikaru"]
[WhiteFideId "6361102"]
[BlackFideId "2016192"]
[WhiteElo "2280"]
[BlackElo "2775"]
[Result "0-1"]
[Round "02"]
[TimeControl "180+2"]
[Date "2023.02.21"]
[WhiteClock "0:00:10"]
[BlackClock "0:00:10"]

1. e4 c6 2. d4 d5 3. exd5 cxd5 4. Bd3 g6 5. Bf4 Nc6 6. c3 Bf5 7. Nf3 e6 8. O-O Bd6 9. Bxd6 Qxd6 10. Re1 Nf6 11. Bf1 Bg4 12. Nbd2 Nd7 13. h3 Bxf3 14. Nxf3 O-O 15. Qd2 Kg7 16. h4 Nf6 17. Bd3 Nh5 18. Ne5 f6 19. Nxc6 bxc6 20. c4 Rae8 21. Rad1 h6 22. Bf1 g5 23. Re3 Nf4 24. g3 Ng6 25. h5 Ne7 26. Bh3 f5 27. Rde1 Rf6 28. c5 Qd7 29. f4 g4 30. Bf1 Ng8 31. Ra3 Rf7 32. b4 Nf6 33. Bd3 Nxh5 34. Kg2 Nf6 35. Ra6 Ne4 36. Bxe4 dxe4 37. b5 Qd5 38. Re3 Rb8 39. bxc6 Qc4 40. Raa3 Rb1 41. Re1 Rxe1 42. Qxe1 Qxd4 43. Qa5 e3 44. Qe1 Qb2+ 0-1


[Site "https://www.chess.com"]

[Event "Titled Tuesday Blitz February 21 Early 2023"]
[White "Nihal Sarin"]
[Black "Karthik Rajaa"]
[WhiteFideId "25092340"]
[BlackFideId "25035215"]
[WhiteElo "2673"]
[BlackElo "2276"]
[Result "0-1"]
[Round "02"]
[TimeControl "180+2"]
[Date "2023.02.21"]
[WhiteClock "0:00:05"]
[BlackClock "0:00:16"]

1. Nf3 Nf6 2. b3 g6 3. Bb2 Bg7 4. e3 O-O 5. d4 d6 6. Be2 e5 7. dxe5 Nfd7 8. c4 Nc6 9. O-O dxe5 10. Nc3 Nc5 11. Nd5 e4 12. Nd4 Ne5 13. Ba3 b6 14. Qc2 Re8 15. Rad1 c6 16. Nc3 Qh4 17. b4 Ncd3 18. Nxe4 Qxe4 19. Bxd3 Nxd3 20. Qxd3 Qxd3 21. Rxd3 Bb7 22. Rfd1 Bf8 23. b5 c5 24. Nf3 Bc8 25. Bb2 Be6 26. Nd2 Red8 27. Ne4 Rxd3 28. Rxd3 Be7 29. Nd2 f6 30. Kf1 a6 31. Ra3 a5 32. Rd3 a4 33. Ke2 Kf7 34. a3 Bd8 35. e4 Bc7 36. g3 g5 37. Rf3 Bg4 38. Ke3 Bxf3 39. Nxf3 Rd8 40. h3 h6 41. Bc3 Ke6 42. Bb2 Rd1 43. Nd2 Rh1 44. Ke2 Rxh3 45. Nb1 Rh1 46. Nc3 h5 47. Nxa4 h4 48. gxh4 gxh4 49. Kf3 h3 50. e5 fxe5 51. Nc3 e4+ 52. Nxe4 h2 53. Ng3 Rb1 0-1


[Site "https://www.chess.com"]

[Event "Titled Tuesday Blitz February 21 Early 2023"]
[White "Melikyan, Gnel"]
[Black "Andreikin, Dmitry"]
[WhiteFideId "54109990"]
[BlackFideId "4158814"]
[WhiteElo "2238"]
[BlackElo "2729"]
[Result "0-1"]
[Round "02"]
[TimeControl "180+2"]
[Date "2023.02.21"]
[WhiteClock "0:00:02"]
[BlackClock "0:00:20"]

1. d4 Nf6 2. c4 e6 3. Nc3 Bb4 4. f3 d5 5. a3 Bxc3+ 6. bxc3 c6 7. e3 b6 8. a4 O-O 9. Bd3 Ba6 10. cxd5 cxd5 11. Ne2 Qc8 12. a5 bxa5 13. Rxa5 Bxd3 14. Qxd3 Nc6 15. Ra1 a5 16. Ba3 Re8 17. O-O e5 18. Rfb1 e4 19. fxe4 Rxe4 20. Ng3 Re6 21. Rb5 Rb8 22. Rab1 Rxb5 23. Rxb5 g6 24. c4 dxc4 25. Qxc4 Rxe3 26. d5 Qe8 27. h3 Ne5 28. Qf4 Rxa3 29. Rb7 Nxd5 30. Qd4 Rxg3 31. Qxd5 Nf3+ 32. Kf2 Qe1# 0-1


[Site "https://www.chess.com"]

[Event "Titled Tuesday Blitz February 21 Early 2023"]
[White "Spata, German"]
[Black "Dubov, Daniil"]
[WhiteFideId "113026"]
[BlackFideId "24126055"]
[WhiteElo "2383"]
[BlackElo "2708"]
[Result "0-1"]
[Round "02"]
[TimeControl "180+2"]
[Date "2023.02.21"]
[WhiteClock "0:00:02"]
[BlackClock "0:00:06"]

1. Nf3 Nf6 2. b3 g6 3. Bb2 Bg7 4. e3 O-O 5. Be2 c5 6. c4 b6 7. O-O Bb7 8. Nc3 d6 9. d4 cxd4 10. Nxd4 Nbd7 11. Rc1 Rc8 12. Bf3 Bxf3 13. Qxf3 Ne5 14. Qe2 Qd7 15. Nd5 Qb7 16. Nxf6+ Bxf6 17. Rc2 a6 18. Rfc1 Rc7 19. Nf3 Nd7 20. Bxf6 Nxf6 21. h3 Rfc8 22. Qd3 Kg7 23. a4 h5 24. Rc3 Rc5 25. R3c2 Kg8 26. Rc3 Qe4 27. Qd4 Qf5 28. R3c2 Ne4 29. Qd1 e5 30. Qe2 d5 31. cxd5 Nc3 32. Qxa6 Ne2+ 33. Qxe2 Rxc2 34. Rxc2 Rxc2 35. Qb5 e4 36. Qe8+ Kg7 37. Qe5+ Qxe5 38. Nxe5 Rd2 39. Nc4 Rxd5 40. Nxb6 Rd1+ 41. Kh2 Rb1 42. a5 Rxb3 43. Nc4 Rb4 44. Nd6 Ra4 45. a6 f5 46. Kg3 Rxa6 47. Nc4 Kf6 48. Nd2 Rc6 49. h4 Rc3 50. Kf4 Rc2 0-1


[Site "https://www.chess.com"]

[Event "Titled Tuesday Blitz February 21 Early 2023"]
[White "Caruana, Fabiano"]
[Black "Arabidze, Meri"]
[WhiteFideId "2020009"]
[BlackFideId "13604040"]
[WhiteElo "2764"]
[BlackElo "2441"]
[Result "1-0"]
[Round "02"]
[TimeControl "180+2"]
[Date "2023.02.21"]
[WhiteClock "0:02:39"]
[BlackClock "0:00:25"]

1. e4 c5 2. Nf3 e6 3. c3 d5 4. e5 d4 5. Bd3 Ne7 6. O-O Nbc6 7. Be4 Bd7 8. d3 Ng6 9. Re1 Qc7 10. Na3 Ncxe5 11. Nxe5 Nxe5 12. Bf4 Bd6 13. cxd4 Nf3+ 14. Qxf3 Bxf4 15. dxc5 Bxh2+ 16. Kh1 Be5 17. Nc4 Bd4 18. Nd6+ 1-0


[Site "https://www.chess.com"]